EL
MISSISSIPPI BRAVES @ JACKSONVILLE SUNS
09/20/2047
 
TOP OF THE 1ST
Mississippi Braves batting - Pitching for Jacksonville Suns : RHP Pat Proctor
Pitching: RHP Pat Proctor
Batting: RHB Edgar Castillo 0-0: Ball
1-0: Swinging Strike
1-1: Ball
2-1: Foul Ball, location: 2F
2-2: Foul Ball, location: 2F
2-2: Ball
3-2: Base on Balls
Batting: RHB Joe Young 0-0: Ball
1-0: Ball
2-0: Fly out, F8 (Flyball, 8RD, EV 103.8 MPH)
Batting: SHB Richello Badua 0-0: Grounds into double play, 6-4-3 (Groundball, 6, EV 105.6 MPH)
Top of the 1st over - 0 runs, 0 hits, 0 errors, 0 left on base; Mississippi 0 - Jacksonville 0
BOTTOM OF THE 1ST
Jacksonville Suns batting - Pitching for Mississippi Braves : LHP Eduardo Baez
Pitching: LHP Eduardo Baez
Batting: SHB Jordan Barragan 0-0: Ball
1-0: Called Strike
1-1: SOLO HOME RUN (Flyball, 7LD, EV 91.2 MPH), Distance : 350 ft
Batting: RHB Alex Gomez 0-0: Ground out 6-3 (Groundball, 6, EV 105.0 MPH)
Batting: RHB Erik Coleman 0-0: Ball
1-0: Called Strike
1-1: Foul Ball, location: 2F
1-2: Ball
2-2: Fly out, F8 (Flyball, 8LD, EV 103.8 MPH)
Batting: RHB Masumitsu Sugiura 0-0: Ball
1-0: Called Strike
1-1: Foul Ball, location: 2F
1-2: Strikes out swinging
Bottom of the 1st over - 1 run, 1 hit, 0 errors, 0 left on base; Mississippi 0 - Jacksonville 1
TOP OF THE 2ND
Mississippi Braves batting - Pitching for Jacksonville Suns : RHP Pat Proctor
Batting: LHB Art D'Ascenzo 0-0: Foul Ball, location: 2F
0-1: Ball
1-1: Ball
2-1: Called Strike
2-2: Ball
3-2: Foul Ball, location: 2F
3-2: Base on Balls
Batting: LHB Oke Monti 0-0: SINGLE (Line Drive, 8RS, EV 94.4 MPH)
Art D'Ascenzo to second
Runner from 2nd tries for 3rd, SAFE, throw by CF made to third
Batting: RHB Corey Dalton 0-0: Called Strike
0-1: Foul Ball, location: 2F
0-2: Foul Ball, location: 2F
0-2: Ball
1-2: Foul Ball, location: 2F
1-2: SINGLE (Groundball, 34D, EV 104.4 MPH)
Art D'Ascenzo scores
Oke Monti to second
Runner from 2nd tries for 3rd, SAFE, throw by RF made to third
Batting: SHB Jamie Roberts 0-0: Called Strike
0-1: Called Strike
0-2: Foul Ball, location: 2F
0-2: Ball
1-2: Strikes out swinging
Batting: RHB Alex Velasquez 0-0: Ball
1-0: Foul Ball, location: 2F
1-1: SINGLE (Groundball, 6D, EV 105.6 MPH)
Oke Monti scores
Corey Dalton to second
Batting: RHB Ingidayehu Lagat 0-0: Called Strike
0-1: Swinging Strike
0-2: Strikes out looking
Batting: RHB Edgar Castillo 0-0: Hit by Pitch
Corey Dalton to third
Alex Velasquez to second
Batting: RHB Joe Young 0-0: Swinging Strike
0-1: Ball
1-1: Fielders Choice at 2nd, 6-4 (Groundball, 6D, EV 79.4 MPH)
Top of the 2nd over - 2 runs, 3 hits, 0 errors, 3 left on base; Mississippi 2 - Jacksonville 1
BOTTOM OF THE 2ND
Jacksonville Suns batting - Pitching for Mississippi Braves : LHP Eduardo Baez
Batting: RHB Tom Thompson 0-0: Ground out 4-3 (Groundball, 4, EV 81.2 MPH)
Batting: LHB David Doge 0-0: Ball
1-0: Ground out 4-3 (Groundball, 4, EV 105.0 MPH)
Batting: LHB Justin Blakely 0-0: SINGLE (Groundball, 34D, EV 100.6 MPH)
Batting: RHB Gavin Helton 0-0: Called Strike
0-1: Called Strike
0-2: Strikes out looking
Bottom of the 2nd over - 0 runs, 1 hit, 0 errors, 1 left on base; Mississippi 2 - Jacksonville 1
TOP OF THE 3RD
Mississippi Braves batting - Pitching for Jacksonville Suns : RHP Pat Proctor
Batting: SHB Richello Badua 0-0: Ground out 4-3 (Groundball, 4, EV 103.8 MPH)
Batting: LHB Art D'Ascenzo 0-0: Foul Ball, location: 2F
0-1: Swinging Strike
0-2: Strikes out looking
Batting: LHB Oke Monti 0-0: Ball
1-0: Ground out 4-3 (Groundball, 4M, EV 106.2 MPH)
Top of the 3rd over - 0 runs, 0 hits, 0 errors, 0 left on base; Mississippi 2 - Jacksonville 1
BOTTOM OF THE 3RD
Jacksonville Suns batting - Pitching for Mississippi Braves : LHP Eduardo Baez
Batting: LHB Carlos Mosqueda 0-0: Ball
1-0: Foul Ball, location: 2F
1-1: Ground out 5-3 (Groundball, 5L, EV 101.9 MPH)
Batting: SHB Jordan Barragan 0-0: Ball
1-0: Ball
2-0: Swinging Strike
2-1: Foul Ball, location: 2F
2-2: Foul Ball, location: 2F
2-2: Foul Ball, location: 2F
2-2: Ground out 6-3 (Groundball, 6S, EV 85.0 MPH)
Batting: RHB Alex Gomez 0-0: Fly out, F3 (Popup, 3SF, EV 70.6 MPH)
Bottom of the 3rd over - 0 runs, 0 hits, 0 errors, 0 left on base; Mississippi 2 - Jacksonville 1
TOP OF THE 4TH
Mississippi Braves batting - Pitching for Jacksonville Suns : RHP Pat Proctor
Batting: RHB Corey Dalton 0-0: Swinging Strike
0-1: Swinging Strike
0-2: Ground out 4-3 (Groundball, 4, EV 88.1 MPH)
Batting: SHB Jamie Roberts 0-0: Foul Ball, location: 2F
0-1: Ground out 4-3 (Groundball, 4, EV 91.2 MPH)
Batting: RHB Alex Velasquez 0-0: SINGLE (Flyball, 4MD, EV 85.6 MPH)
Batting: RHB Ingidayehu Lagat 0-0: Called Strike
0-1: Ball
1-1: Ball
2-1: Foul Ball, location: 2F
2-2: Foul Ball, location: 2F
2-2: Foul Ball, location: 2F
2-2: Foul Ball, location: 2F
2-2: Ball
3-2: Foul Ball, location: 2F
3-2: Base on Balls
Alex Velasquez to second
Batting: RHB Edgar Castillo 0-0: Ball
1-0: Swinging Strike
1-1: Ball
2-1: Called Strike
2-2: Strikes out swinging
Top of the 4th over - 0 runs, 1 hit, 0 errors, 2 left on base; Mississippi 2 - Jacksonville 1
BOTTOM OF THE 4TH
Jacksonville Suns batting - Pitching for Mississippi Braves : LHP Eduardo Baez
Batting: RHB Erik Coleman 0-0: Ball
1-0: Ball
2-0: Swinging Strike
2-1: Ball
3-1: Base on Balls
Batting: RHB Masumitsu Sugiura 0-0: Called Strike
0-1: Called Strike
0-2: Foul Ball, location: 2F
0-2: Fielders Choice at 2nd, 6-4 (Groundball, 6MD, EV 88.8 MPH)
Batting: RHB Tom Thompson 0-0: Ball
1-0: Ball
2-0: Called Strike
2-1: Fly out, F7 (Flyball, 78D, EV 73.8 MPH)
Batting: LHB David Doge 0-0: Foul Ball, location: 2F
0-1: Called Strike
0-2: Ball
1-2: Ball
2-2: Ball
3-2: Fly out, F7 (Flyball, 7LM, EV 75.6 MPH)
Bottom of the 4th over - 0 runs, 0 hits, 0 errors, 1 left on base; Mississippi 2 - Jacksonville 1
TOP OF THE 5TH
Mississippi Braves batting - Pitching for Jacksonville Suns : RHP Pat Proctor
Batting: RHB Joe Young 0-0: Ball
1-0: Foul Ball, location: 2F
1-1: Swinging Strike
1-2: Fly out, F8 (Flyball, 8LD, EV 92.5 MPH)
Batting: SHB Richello Badua 0-0: Ball
1-0: Ball
2-0: Called Strike
2-1: Foul Ball, location: 2F
2-2: Foul Ball, location: 2F
2-2: Foul Ball, location: 2F
2-2: SINGLE (Groundball, 34D, EV 102.5 MPH)
Batting: LHB Art D'Ascenzo 0-0: Called Strike
0-1: Ball
1-1: Ball
Richello Badua is caught stealing 2nd base 2-6
2-1: Ball
3-1: Base on Balls
Batting: LHB Oke Monti 0-0: Called Strike
0-1: Ball
Art D'Ascenzo is caught stealing 2nd base 2-6
Top of the 5th over - 0 runs, 1 hit, 0 errors, 0 left on base; Mississippi 2 - Jacksonville 1
BOTTOM OF THE 5TH
Jacksonville Suns batting - Pitching for Mississippi Braves : LHP Eduardo Baez
Batting: LHB Justin Blakely 0-0: Ball
1-0: Ball
2-0: Called Strike
2-1: Called Strike
2-2: Foul Ball, location: 2F
2-2: Ball
3-2: Foul Ball, location: 2F
3-2: Foul Ball, location: 2F
3-2: Strikes out swinging
Batting: RHB Gavin Helton 0-0: Ball
1-0: Ball
2-0: Foul Ball, location: 2F
2-1: Ball
3-1: Called Strike
3-2: Ground out 6-3 (Groundball, 6, EV 79.4 MPH)
Batting: LHB Carlos Mosqueda 0-0: Ball
1-0: Foul Ball, location: 2F
1-1: Foul Ball, location: 2F
1-2: Ball
2-2: Strikes out looking
Bottom of the 5th over - 0 runs, 0 hits, 0 errors, 0 left on base; Mississippi 2 - Jacksonville 1
TOP OF THE 6TH
Mississippi Braves batting - Pitching for Jacksonville Suns : RHP Pat Proctor
Pitching: LHP Melvin Fonseca
Batting: LHB Oke Monti 0-0: Foul Ball, location: 2F
0-1: Swinging Strike
0-2: Ball
1-2: Fly out, F6 (Popup, 4MD, EV 49.4 MPH)
Batting: RHB Corey Dalton 0-0: Swinging Strike
0-1: Ball
1-1: Ball
2-1: Swinging Strike
2-2: Strikes out swinging
Batting: SHB Jamie Roberts 0-0: Called Strike
0-1: Swinging Strike
0-2: Ball
1-2: Strikes out swinging
Top of the 6th over - 0 runs, 0 hits, 0 errors, 0 left on base; Mississippi 2 - Jacksonville 1
BOTTOM OF THE 6TH
Jacksonville Suns batting - Pitching for Mississippi Braves : LHP Eduardo Baez
Batting: SHB Jordan Barragan 0-0: Ball
1-0: SINGLE (Groundball, 6MD, EV 102.5 MPH)
Batting: RHB Alex Gomez 0-0: Ball
1-0: Ball
2-0: Called Strike
2-1: Ball
3-1: Base on Balls
Jordan Barragan to second
Batting: RHB Erik Coleman 0-0: Fly out, F3 (Popup, 34S, EV 78.8 MPH)
Batting: RHB Masumitsu Sugiura 0-0: Ball
1-0: Ball
2-0: Ball
Wild Pitch!
Jordan Barragan to third
Alex Gomez to second
3-0: Called Strike
3-1: Called Strike
3-2: Base on Balls
Batting: RHB Tom Thompson 0-0: SINGLE (Groundball, 5L, EV 96.9 MPH)
Jordan Barragan scores
Alex Gomez to third
Masumitsu Sugiura to second
Runner from 3rd tries for Home, throw by LF and OUT! 7-2
Batting: LHB David Doge 0-0: Foul Ball, location: 2F
0-1: Ball
1-1: Swinging Strike
1-2: Ball
2-2: Ground out 4-3 (Groundball, 4, EV 85.6 MPH)
Bottom of the 6th over - 1 run, 2 hits, 0 errors, 2 left on base; Mississippi 2 - Jacksonville 2
TOP OF THE 7TH
Mississippi Braves batting - Pitching for Jacksonville Suns : LHP Melvin Fonseca
Batting: RHB Alex Velasquez 0-0: Ground out 6-3 (Groundball, 6M, EV 90.6 MPH)
Batting: RHB Ingidayehu Lagat 0-0: Ball
1-0: Ball
2-0: Fly out, F9 (Flyball, 9D, EV 95.6 MPH)
Batting: RHB Edgar Castillo 0-0: Ball
1-0: SINGLE (Line Drive, 78S, EV 105.6 MPH)
Batting: RHB Joe Young 0-0: Called Strike
0-1: Called Strike
0-2: Ball
1-2: Foul Ball, location: 2F
1-2: Ball
Edgar Castillo is caught stealing 2nd base 2-4
Top of the 7th over - 0 runs, 1 hit, 0 errors, 0 left on base; Mississippi 2 - Jacksonville 2
BOTTOM OF THE 7TH
Jacksonville Suns batting - Pitching for Mississippi Braves : LHP Eduardo Baez
Batting: LHB Justin Blakely 0-0: Called Strike
0-1: Foul Ball, location: 2F
0-2: Ball
1-2: Ball
2-2: Ball
3-2: Foul Ball, location: 2F
3-2: Foul Ball, location: 2F
3-2: Foul Ball, location: 2F
3-2: Foul Ball, location: 2F
3-2: SINGLE (Line Drive, 7LS, EV 93.8 MPH)
Pitching: LHP Andy Gaiser
Batting: RHB Gavin Helton 0-0: Ball
1-0: Bunted foul
1-1: Bunt missed!
1-2: Ball
2-2: Ground out 5-3 (Groundball, 5S, EV 63.8 MPH)
Justin Blakely to second
Pinch Hitting: RHB Len Graham 0-0: Ground out 5-3 (Groundball, 56S, EV 88.1 MPH)
Batting: SHB Jordan Barragan 0-0: Ball
1-0: Called Strike
1-1: Called Strike
1-2: Ground out 5-3 (Groundball, 56, EV 86.9 MPH)
Bottom of the 7th over - 0 runs, 1 hit, 0 errors, 1 left on base; Mississippi 2 - Jacksonville 2
TOP OF THE 8TH
Mississippi Braves batting - Pitching for Jacksonville Suns : LHP Melvin Fonseca
Pitching: RHP Alex Garza
Now at 1B: Len Graham
Batting: RHB Joe Young 0-0: SINGLE (Groundball, 56, EV 98.1 MPH)
Batting: SHB Richello Badua 0-0: Ball
1-0: Fly out, F7 (Line Drive, 7, EV 98.1 MPH)
Batting: LHB Art D'Ascenzo 0-0: SINGLE (Groundball, 4D, EV 106.2 MPH)
Joe Young to second
Runner from 2nd tries for 3rd, SAFE, throw by CF made to third
Batting: LHB Oke Monti 0-0: Called Strike
0-1: Called Strike
0-2: Ball
Art D'Ascenzo steals 2nd base
1-2: Foul Ball, location: 2F
1-2: SINGLE (Groundball, 5, EV 106.9 MPH)
Joe Young scores
Art D'Ascenzo to third
Batting: RHB Corey Dalton 0-0: DOUBLE (Line Drive, 78XD, EV 101.2 MPH)
Art D'Ascenzo scores
Oke Monti to third
Runner from 3rd tries for Home, SAFE, throw by CF to home
Batting: SHB Jamie Roberts 0-0: Intentional Walk
Batting: RHB Alex Velasquez 0-0: Fielders Choice at 2nd, 1-6 (Groundball, 13, EV 66.9 MPH)
Corey Dalton to third
Batting: RHB Ingidayehu Lagat 0-0: Ball
1-0: Called Strike
1-1: Called Strike
1-2: Ball
2-2: Ball
3-2: Foul Ball, location: 2F
3-2: Ground out 1-3 (Groundball, 34S, EV 68.1 MPH)
Top of the 8th over - 3 runs, 4 hits, 0 errors, 2 left on base; Mississippi 5 - Jacksonville 2
BOTTOM OF THE 8TH
Jacksonville Suns batting - Pitching for Mississippi Braves : LHP Andy Gaiser
Now at 2B: Ingidayehu Lagat
Now in RF: Ryan Murdock
Batting: RHB Alex Gomez 0-0: Called Strike
0-1: Foul Ball, location: 2F
0-2: Fly out, F9 (Flyball, 89S, EV 91.9 MPH)
Batting: RHB Erik Coleman 0-0: Ball
1-0: Ball
2-0: Ball
3-0: Base on Balls
Batting: RHB Masumitsu Sugiura 0-0: Fly out, F7 (Line Drive, 78M, EV 100.0 MPH)
Batting: RHB Tom Thompson 0-0: Ball
1-0: Called Strike
1-1: Ball
2-1: Foul Ball, location: 2F
2-2: Foul Ball, location: 2F
2-2: Foul Ball, location: 2F
2-2: Foul Ball, location: 2F
2-2: Foul Ball, location: 2F
2-2: Foul Ball, location: 2F
2-2: Ground out 4-3 (Groundball, 34, EV 102.5 MPH)
Bottom of the 8th over - 0 runs, 0 hits, 0 errors, 1 left on base; Mississippi 5 - Jacksonville 2
TOP OF THE 9TH
Mississippi Braves batting - Pitching for Jacksonville Suns : RHP Alex Garza
Pitching: RHP Giampaolo Nobile
Batting: RHB Edgar Castillo 0-0: Ball
1-0: Ball
2-0: SINGLE (Groundball, 4, EV 100.0 MPH)
Batting: RHB Joe Young 0-0: Ball
1-0: Bunted foul
1-1: Bunted foul
1-2: Foul Ball, location: 2F
1-2: Ball
2-2: Fly out, F9 (Flyball, 9, EV 90.6 MPH)
Batting: SHB Richello Badua 0-0: Ball
1-0: Fielders Choice at 2nd, 4-6 (Groundball, 34S, EV 79.4 MPH)
Batting: LHB Art D'Ascenzo 0-0: Called Strike
0-1: Ball
1-1: Foul Ball, location: 2F
1-2: Foul Ball, location: 2F
1-2: Foul Ball, location: 2F
1-2: Ball
2-2: Foul Ball, location: 2F
2-2: Ball
Richello Badua is caught stealing 2nd base 2-6
Top of the 9th over - 0 runs, 1 hit, 0 errors, 0 left on base; Mississippi 5 - Jacksonville 2
BOTTOM OF THE 9TH
Jacksonville Suns batting - Pitching for Mississippi Braves : LHP Andy Gaiser
Pitching: RHP Brendan Graham
Batting: LHB David Doge 0-0: Ball
1-0: Foul Ball, location: 2F
1-1: Foul Ball, location: 2F
1-2: Strikes out looking
Batting: LHB Justin Blakely 0-0: Ball
1-0: Ball
2-0: Called Strike
2-1: Ground out 4-3 (Groundball, 4D, EV 96.9 MPH)
Batting: RHB Gavin Helton 0-0: Foul Ball, location: 2F
0-1: Ball
1-1: Ground out 5-3 (Groundball, 56, EV 86.2 MPH)
Bottom of the 9th over - 0 runs, 0 hits, 0 errors, 0 left on base; Mississippi 5 - Jacksonville 2
Thursday, December 15th , 2022 - OOTP Baseball 23.9 Build 102